SAA
DURHAM RAPIERS @ LANCASTER FARMERS
08/08/2028
 
TOP OF THE 1ST
Durham Rapiers batting - Pitching for Lancaster Farmers : LHP Mike Brandner
Pitching: LHP Mike Brandner
Batting: RHB Tomás Duarte 0-0: Ball
1-0: Called Strike
1-1: Swinging Strike
1-2: Strikes out swinging
Batting: RHB Tomás Costello 0-0: Ball
1-0: Swinging Strike
1-1: Ball
2-1: Swinging Strike
2-2: Foul Ball, location: 2F
2-2: Ground out 4-3 (Groundball, 4)
Batting: RHB Guillermo Mata 0-0: Called Strike
0-1: Ball
1-1: Fly out, F7 (Flyball, 7LM)
Top of the 1st over - 0 run(s), 0 hit(s), 0 error(s), 0 left on base; Durham 0 - Lancaster 0
BOTTOM OF THE 1ST
Lancaster Farmers batting - Pitching for Durham Rapiers : RHP Christian Harris
Pitching: RHP Christian Harris
Batting: RHB Roberto Camacho 0-0: Called Strike
0-1: Ground out 5-3 (Groundball, 5L)
Batting: RHB Alejandro Garza 0-0: Fly out, F8 (Flyball, 8RD)
Batting: SHB Janghyun Sam 0-0: Called Strike
0-1: Ball
1-1: Ball
2-1: Ball
3-1: Base on Balls
Batting: RHB Danijel van Aalten 0-0: Fielders Choice at 2nd, 5-4 (Groundball, 56)
Bottom of the 1st over - 0 run(s), 0 hit(s), 0 error(s), 0 left on base; Durham 0 - Lancaster 0
TOP OF THE 2ND
Durham Rapiers batting - Pitching for Lancaster Farmers : LHP Mike Brandner
Batting: RHB Vincent Klein 0-0: Ball
1-0: Called Strike
1-1: Called Strike
1-2: Ball
2-2: Ball
3-2: Foul Ball, location: 2F
3-2: Base on Balls
Batting: LHB Alberto Garza 0-0: Ball
1-0: Ball
2-0: Ball
3-0: Called Strike
3-1: Grounds into double play, 6-4-3 (Groundball, 6)
Batting: RHB Dave Sienna 0-0: Called Strike
0-1: SINGLE (Flyball, 8RM)
Batting: RHB António Díaz 0-0: Ball
1-0: Ball
Dave Sienna steals 2nd base
2-0: Called Strike
2-1: Called Strike
2-2: Fly out, F7 (Flyball, 7LS)
Top of the 2nd over - 0 run(s), 1 hit(s), 0 error(s), 1 left on base; Durham 0 - Lancaster 0
BOTTOM OF THE 2ND
Lancaster Farmers batting - Pitching for Durham Rapiers : RHP Christian Harris
Batting: LHB Carlos Germán 0-0: Fly out, F6 (Popup, 6MD)
Batting: RHB James Hollingsworth 0-0: Called Strike
0-1: Ball
1-1: SINGLE (Line Drive, 9LM)
Batting: LHB Gilberto Jiménez 0-0: Called Strike
0-1: Called Strike
0-2: Ball
1-2: Ball
2-2: Ball
3-2: Hit by Pitch
James Hollingsworth to second
Batting: RHB António Gonzáles 0-0: Ball
1-0: SINGLE (Groundball, 34D)
James Hollingsworth to third
Gilberto Jiménez to second
Throwing error, E9
James Hollingsworth scores
Gilberto Jiménez to third
António Gonzáles to second
Batting: LHB Mark Armstead 0-0: Called Strike
0-1: Ball
1-1: Swinging Strike
1-2: Strikes out swinging
Batting: RHB Roberto Camacho 0-0: Called Strike
0-1: Ball
1-1: Swinging Strike
1-2: Foul Ball, location: 2F
1-2: Strikes out swinging
Bottom of the 2nd over - 1 run(s), 2 hit(s), 1 error(s), 2 left on base; Durham 0 - Lancaster 1
TOP OF THE 3RD
Durham Rapiers batting - Pitching for Lancaster Farmers : LHP Mike Brandner
Batting: SHB Carlos Chávez 0-0: Ball
1-0: Called Strike
1-1: Ground out 5-3 (Groundball, 56)
Batting: RHB Júlio Gonzáles 0-0: Ball
1-0: Ball
2-0: Foul Ball, location: 2F
2-1: Ball
3-1: Base on Balls
Batting: RHB Tomás Duarte 0-0: Ball
1-0: Ball
2-0: Foul Ball, location: 2F
2-1: Called Strike
2-2: Strikes out swinging
Batting: RHB Tomás Costello 0-0: Called Strike
0-1: Fielders Choice at 2nd, 5-4 (Groundball, 56)
Top of the 3rd over - 0 run(s), 0 hit(s), 0 error(s), 0 left on base; Durham 0 - Lancaster 1
BOTTOM OF THE 3RD
Lancaster Farmers batting - Pitching for Durham Rapiers : RHP Christian Harris
Batting: RHB Alejandro Garza 0-0: Foul Ball, location: 2F
0-1: Ball
1-1: Ball
2-1: Called Strike
2-2: Foul Ball, location: 2F
2-2: SINGLE (Groundball, 34D)
Batting: SHB Janghyun Sam 0-0: Ball
1-0: Fly out, F8 (Flyball, 78M)
Batting: RHB Danijel van Aalten 0-0: Ball
1-0: Ball
2-0: Ball
3-0: Base on Balls
Alejandro Garza to second
Batting: LHB Carlos Germán 0-0: Foul Ball, location: 2F
0-1: Ball
1-1: Ball
2-1: Fielders Choice at 2nd, 4-6 (Groundball, 4)
Alejandro Garza to third
Batting: RHB James Hollingsworth 0-0: Ball
1-0: SINGLE (Line Drive, 4MD)
Alejandro Garza scores
Carlos Germán to second
Batting: LHB Gilberto Jiménez 0-0: Called Strike
0-1: Ball
1-1: Ball
2-1: Ball
3-1: Foul Ball, location: 2F
3-2: Base on Balls
Carlos Germán to third
James Hollingsworth to second
Batting: RHB António Gonzáles 0-0: Fielders Choice at 2nd, 6-4 (Groundball, 6)
Bottom of the 3rd over - 1 run(s), 2 hit(s), 0 error(s), 2 left on base; Durham 0 - Lancaster 2
TOP OF THE 4TH
Durham Rapiers batting - Pitching for Lancaster Farmers : LHP Mike Brandner
Batting: RHB Guillermo Mata 0-0: Ball
1-0: Ground out 5-3 (Groundball, 5)
Batting: RHB Vincent Klein 0-0: Ball
1-0: Called Strike
1-1: Fly out, F8 (Flyball, 8RM)
Batting: LHB Alberto Garza 0-0: Called Strike
0-1: Ball
1-1: Ball
2-1: Swinging Strike
2-2: Foul Ball, location: 2F
2-2: Reached on error, E6 (Groundball, 6M)
Batting: RHB Dave Sienna 0-0: Ball
1-0: Ball
2-0: Foul Ball, location: 2F
2-1: Ground out 6-3 (Groundball, 6S)
Top of the 4th over - 0 run(s), 0 hit(s), 1 error(s), 1 left on base; Durham 0 - Lancaster 2
BOTTOM OF THE 4TH
Lancaster Farmers batting - Pitching for Durham Rapiers : RHP Christian Harris
Batting: LHB Mark Armstead 0-0: Bunt for hit - play at first, batter OUT! 1-3
Batting: RHB Roberto Camacho 0-0: Ball
1-0: Swinging Strike
1-1: Swinging Strike
1-2: Ball
2-2: SINGLE (Line Drive, 8LS)
Batting: RHB Alejandro Garza 0-0: Grounds into double play, 6-4-3 (Groundball, 6)
Bottom of the 4th over - 0 run(s), 1 hit(s), 0 error(s), 0 left on base; Durham 0 - Lancaster 2
TOP OF THE 5TH
Durham Rapiers batting - Pitching for Lancaster Farmers : LHP Mike Brandner
Batting: RHB António Díaz 0-0: Called Strike
0-1: Ball
1-1: Ball
2-1: Foul Ball, location: 2F
2-2: Ground out 6-3 (Groundball, 6)
Batting: SHB Carlos Chávez 0-0: Ball
1-0: Ground out 6-3 (Groundball, 6)
Batting: RHB Júlio Gonzáles 0-0: Foul Ball, location: 2F
0-1: Ball
1-1: Bunted foul
1-2: Ball
2-2: Ground out 4-3 (Groundball, 4MS)
Top of the 5th over - 0 run(s), 0 hit(s), 0 error(s), 0 left on base; Durham 0 - Lancaster 2
BOTTOM OF THE 5TH
Lancaster Farmers batting - Pitching for Durham Rapiers : RHP Christian Harris
Batting: SHB Janghyun Sam 0-0: Foul Ball, location: 2F
0-1: Called Strike
0-2: Ball
1-2: Foul Ball, location: 2F
1-2: SINGLE (Groundball, 34D)
Batting: RHB Danijel van Aalten 0-0: Ball
Wild Pitch!
Janghyun Sam to second
1-0: Fly out, F6 (Line Drive, 6)
Batting: LHB Carlos Germán 0-0: Ball
1-0: Called Strike
1-1: Foul Ball, location: 2F
1-2: Hit by Pitch
Batting: RHB James Hollingsworth 0-0: Ball
1-0: Fly out, F8 (Flyball, 8RM)
Batting: LHB Gilberto Jiménez 0-0: Ball
1-0: Ball
2-0: Called Strike
2-1: Ball
3-1: Base on Balls
Janghyun Sam to third
Carlos Germán to second
Batting: RHB António Gonzáles 0-0: SINGLE (Groundball, 6MD)
Janghyun Sam scores
Carlos Germán to third
Gilberto Jiménez to second
Runner from 3rd tries for Home, SAFE, no throw
Batting: LHB Mark Armstead 0-0: Ball
1-0: Foul Ball, location: 2F
1-1: Ball
2-1: Called Strike
2-2: Ball
3-2: Base on Balls
Gilberto Jiménez to third
António Gonzáles to second
Batting: RHB Roberto Camacho 0-0: Called Strike
0-1: Ball
Wild Pitch!
Gilberto Jiménez scores
António Gonzáles to third
Mark Armstead to second
1-1: Fly out, F8 (Flyball, 8RS)
Bottom of the 5th over - 3 run(s), 2 hit(s), 0 error(s), 2 left on base; Durham 0 - Lancaster 5
TOP OF THE 6TH
Durham Rapiers batting - Pitching for Lancaster Farmers : LHP Mike Brandner
Batting: RHB Tomás Duarte 0-0: Ball
1-0: Fly out, F7 (Flyball, 7)
Batting: RHB Tomás Costello 0-0: Called Strike
0-1: Swinging Strike
0-2: Fly out, F8 (Flyball, 89D)
Batting: RHB Guillermo Mata 0-0: Fly out, F8 (Flyball, 8RS)
Top of the 6th over - 0 run(s), 0 hit(s), 0 error(s), 0 left on base; Durham 0 - Lancaster 5
BOTTOM OF THE 6TH
Lancaster Farmers batting - Pitching for Durham Rapiers : RHP Christian Harris
Pitching: RHP Javier Hernández
Batting: RHB Alejandro Garza 0-0: Called Strike
0-1: Called Strike
0-2: Ball
1-2: Ball
2-2: Fly out, F7 (Flyball, 7D)
Batting: SHB Janghyun Sam 0-0: Foul Ball, location: 2F
0-1: Fly out, F7 (Line Drive, 78M)
Batting: RHB Danijel van Aalten 0-0: Swinging Strike
0-1: Swinging Strike
0-2: Foul Ball, location: 2F
0-2: Strikes out swinging
Bottom of the 6th over - 0 run(s), 0 hit(s), 0 error(s), 0 left on base; Durham 0 - Lancaster 5
TOP OF THE 7TH
Durham Rapiers batting - Pitching for Lancaster Farmers : LHP Mike Brandner
Batting: RHB Vincent Klein 0-0: Swinging Strike
0-1: Ball
1-1: Ball
2-1: Called Strike
2-2: Ball
3-2: Base on Balls
Batting: LHB Alberto Garza 0-0: Ball
1-0: Ball
2-0: Fly out, F8 (Line Drive, 8LM)
Batting: RHB Dave Sienna 0-0: Called Strike
0-1: Ball
1-1: Fielders Choice at 2nd, 6-4 (Groundball, 6)
Batting: RHB António Díaz 0-0: Called Strike
0-1: Ball
1-1: Foul Ball, location: 2F
1-2: Ball
Dave Sienna is caught stealing 2nd base
Top of the 7th over - 0 run(s), 0 hit(s), 0 error(s), 0 left on base; Durham 0 - Lancaster 5
BOTTOM OF THE 7TH
Lancaster Farmers batting - Pitching for Durham Rapiers : RHP Javier Hernández
Batting: LHB Carlos Germán 0-0: Called Strike
0-1: Ball
1-1: Called Strike
1-2: Ball
2-2: Ball
3-2: Base on Balls
Batting: RHB James Hollingsworth 0-0: Called Strike
0-1: Ball
1-1: Called Strike
1-2: Ball
2-2: Foul Ball, location: 2F
2-2: SINGLE (Groundball, 56D)
Carlos Germán to second
Batting: LHB Gilberto Jiménez 0-0: Bunted foul
0-1: Sac Bunt - play at first, batter OUT! 1-4
Carlos Germán to third
James Hollingsworth to second
Batting: RHB António Gonzáles 0-0: Swinging Strike
0-1: Ball
1-1: Called Strike
1-2: Strikes out swinging
Batting: LHB Mark Armstead 0-0: Called Strike
0-1: Fly out, F8 (Line Drive, 8RD)
Bottom of the 7th over - 0 run(s), 1 hit(s), 0 error(s), 2 left on base; Durham 0 - Lancaster 5
TOP OF THE 8TH
Durham Rapiers batting - Pitching for Lancaster Farmers : LHP Mike Brandner
Batting: RHB António Díaz 0-0: Called Strike
0-1: Ball
1-1: Called Strike
1-2: Strikes out swinging
Batting: SHB Carlos Chávez 0-0: Foul Ball, location: 2F
0-1: Fly out, F7 (Flyball, 7D)
Batting: RHB Júlio Gonzáles 0-0: Ball
1-0: Called Strike
1-1: Swinging Strike
1-2: Foul Ball, location: 2F
1-2: Strikes out looking
Top of the 8th over - 0 run(s), 0 hit(s), 0 error(s), 0 left on base; Durham 0 - Lancaster 5
BOTTOM OF THE 8TH
Lancaster Farmers batting - Pitching for Durham Rapiers : RHP Javier Hernández
Batting: RHB Roberto Camacho 0-0: Ground out 5-3 (Groundball, 56S)
Batting: RHB Alejandro Garza 0-0: Ball
1-0: Called Strike
1-1: Fly out, F7 (Line Drive, 7)
Batting: SHB Janghyun Sam 0-0: Called Strike
0-1: Foul Ball, location: 2F
0-2: Ball
1-2: Fly out, F7 (Flyball, 7S)
Bottom of the 8th over - 0 run(s), 0 hit(s), 0 error(s), 0 left on base; Durham 0 - Lancaster 5
TOP OF THE 9TH
Durham Rapiers batting - Pitching for Lancaster Farmers : LHP Mike Brandner
Pitching: RHP Bert Gean
Batting: RHB Tomás Duarte 0-0: Called Strike
0-1: Swinging Strike
0-2: Ball
1-2: Strikes out swinging
Batting: RHB Tomás Costello 0-0: SINGLE (Flyball, 8RS)
Batting: RHB Guillermo Mata 0-0: Foul Ball, location: 2F
0-1: Fielders Choice at 2nd, 5-4 (Groundball, 5D)
Batting: RHB Vincent Klein 0-0: Ball
1-0: Foul Ball, location: 2F
1-1: Ball
2-1: Foul Ball, location: 2F
2-2: Foul Ball, location: 2F
2-2: Ground out 6-3 (Groundball, 6MS)
Top of the 9th over - 0 run(s), 1 hit(s), 0 error(s), 1 left on base; Durham 0 - Lancaster 5
Wednesday, August 23rd, 2017 - OOTP Baseball 17.12 Build 75